 Dungeon Crawl Stone Soup version 0.20.1-1-g8b1a95d (webtiles) character file.

39 letownia2 the Grave Robber (level 3, -4/28 HPs)
             Began as a Deep Dwarf Necromancer on Nov 4, 2017.
             Slain by Minstaer's ghost (10 damage)
             ... on level 3 of the Dungeon.
             The game lasted 00:03:43 (1463 turns).

letownia2 the Grave Robber (Deep Dwarf Necromancer) Turns: 1463, Time: 00:03:44

Health: -4/28      AC:  3    Str: 11    XL:     3   Next: 26%
Magic:  4/6        EV: 12    Int: 16    God:
Gold:   96         SH:  0    Dex: 13    Spells: 3/7 levels left

rFire    . . .     SeeInvis .   a - +1 dagger (flame)
rCold    . . .     Gourm    +   (no shield)
rNeg     . . .     Faith    .   f - +0 robe
rPois    .         Spirit   .   (no helmet)
rElec    .         Reflect  .   o - +0 cloak
rCorr    .         Harm     .   (no gloves)
MR       .....                  (no boots)
Stlth    ++........             k - amulet of the gourmand
Regen    0.0/turn               (no ring)
MPRegen  0.1/turn               (no ring)

@: non-regenerating
A: damage resistance, heal wounds, sense surroundings 1, no regeneration
a: Heal Wounds


You were on level 3 of the Dungeon.
You were completely stuffed.

You visited 1 branch of the dungeon, and saw 4 of its levels.

You collected 96 gold pieces.

Inventory:

Hand Weapons
 a - a +1 dagger of flaming (weapon)
Armour
 f - a +0 robe (worn)
 l - a +0 chain mail
 o - a +0 cloak (worn)
Jewellery
 k - an amulet of the gourmand (around neck)
 s - a +4 ring of evasion {unknown}
Wands
 p - a wand of scattershot (5/9)
Scrolls
 e - 2 scrolls of random uselessness {unknown}
 g - a scroll of magic mapping {unknown}
 i - a scroll of identify {unknown}
 n - a scroll of remove curse {unknown}
 r - a scroll of recharging {unknown}
Potions
 d - a potion of might {unknown}
 j - a potion of lignification {unknown}
Books
 b - a book of Necromancy

   Spells                             Type                      Level
   a - Pain                           Necromancy                   1
   b - Animate Skeleton               Necromancy                   1
   c - Vampiric Draining              Necromancy                   3
   d - Regeneration                   Charms/Necromancy            3
   e - Animate Dead                   Necromancy                   4
   f - Control Undead                 Necromancy                   4
 t - a book of Misfortune

   Spells                             Type                      Level
   a - Confusing Touch                Hexes                        1
   b - Confuse                        Hexes                        3
   c - Gell's Gravitas                Translocation                3
   d - Petrify                        Transmutation/Earth          4
   e - Metabolic Englaciation         Hexes/Ice                    5
   f - Yara's Violent Unravelling     Hexes/Transmutation          5
Comestibles
 c - 2 bread rations
 h - 7 fruits
 m - a meat ration
 q - a chunk of flesh


   Skills:
 - Level 2.1 Dodging
 - Level 2.4 Stealth
 - Level 2.5 Spellcasting
 + Level 5.1 Necromancy


You had 3 spell levels left.
You knew the following spells:

 Your Spells              Type           Power        Failure   Level  Hunger
a - Pain                  Necr           ###.         2%          1    #......
v - Vampiric Draining     Necr           ###.......   7%          3    ###....


Dungeon Overview and Level Annotations

Branches:
Dungeon (4/15)
 Temple: D:4-7

Altars:
Ashenzari
Trog

Shops:
D:4 *

Annotations:
D:3 Minstaer's ghost, amateur HuGl


Innate Abilities, Weirdness & Mutations

You are resistant to damage.
You can heal yourself by infusing magical energy.
You passively map a small area around you.
You do not regenerate.


Message History

s - a ruby ring A kobold comes into view.
The kobold shouts!
You start waiting.
The kobold closely misses you.
Casting: Vampiric Draining
Confirm with . or Enter, or press ? or * to list all spells.
Aiming: Vampiric Draining
Press: ? - help, Shift-Dir - straight line, f - kobold
Aim: a kobold You kill the kobold!
You feel life coursing into your body.
You now have 96 gold pieces (gained 8).
Found a leatherbound book.
t - a book of Misfortune Minstaer's ghost (amateur Human Gladiator) comes into view.
Minstaer's ghost turns its malevolent gaze towards you.
You hit Minstaer's ghost but do no damage.
Minstaer's ghost hits you!
You die...

.......................
,
......#..##...........#
*
.........######...####
* #.......## #...#
#....#.## #...# *
#....#.# #...# #..###.#
##.##, , #..###.# #.#
*, * .....[.# #@# * ,
######## #.W....# ,, *
*####.#... , , ,.. , *
** .# , * , .., * *
,*#, , * , , , , * > *
* ,


You could see Minstaer's ghost.

Vanquished Creatures
  A gnoll (D:3)
  An adder skeleton (D:2)
  A leopard gecko (D:4)
  4 bats
  A giant cockroach (D:2)
  5 goblins
  2 hobgoblins (D:1)
  2 kobolds
  2 frilled lizards
  A jackal skeleton (D:2)
  5 rats
25 creatures vanquished.

Notes
Turn   | Place    | Note
-------+----------+-------------------------------------------
     0 | D:1      | letownia2 the Deep Dwarf Necromancer began the quest for the Orb.
     0 | D:1      | Reached XP level 1. HP: 15/15 MP: 3/3
   551 | D:1      | Reached XP level 2. HP: 22/22 MP: 0/5
  1168 | D:3      | Reached skill level 5 in Necromancy
  1201 | D:4      | Found Otacuxt's General Store.
  1231 | D:4      | Found a bloodstained altar of Trog.
  1231 | D:4      | Found a shattered altar of Ashenzari.
  1263 | D:3      | Reached XP level 3. HP: 2/28 MP: 0/6
  1272 | D:3      | Learned a level 3 spell: Vampiric Draining
  1462 | D:3      | Noticed Minstaer's ghost (amateur HuGl)
  1463 | D:3      | Slain by Minstaer's ghost

Skill      XL: |  1  2 |
---------------+-------+-----
Spellcasting   | 2 |  2.5
Necromancy     | 5 |  5.1
Dodging        | |  2.1
Stealth        | |  2.4

Action                   || total
-------------------------++-------
Melee: Dagger            ||    23
 Cast: Pain              ||    30
       Vampiric Draining ||     2
 Stab: Sleeping          ||     2
  Eat: Chunk             ||    12
Armor: Robe              ||    21
Dodge: Dodged            ||    64
